 Dungeon Sprint DCSS version 0.19-a0-1937-g70ed36a (webtiles) character file.

779 LORDOFBUTT the Cleaver (level 7, -1/71 HPs)
             Began as a Minotaur Fighter on Oct 26, 2016.
             Was an Initiate of Gozag.
             Succumbed to a redback's poison
             ... in the Dungeon (Sprint VII: "The Pits").
             The game lasted 00:02:31 (971 turns).

LORDOFBUTT the Cleaver (Minotaur Fighter)            Turns: 971, Time: 00:02:32

Health: -1/71      AC: 10    Str: 22    XL:     7   Next: 54%
Magic:  6/6        EV:  9    Int:  5    God:    Gozag
Gold:   882        SH: 11    Dex: 10    Spells: 0 memorised, 6 levels left

rFire  . . .     SeeInvis .     b - +1 hand axe (chop)
rCold  . . .     Gourm    .     d - +3 ring mail
rNeg   . . .     Faith    .     c - +0 shield
rPois  .         Spirit   .     (helmet restricted)
rElec  .         Reflect  .     (no cloak)
rCorr  .         Harm     .     (no gloves)
MR     .....     NoTele   +     (no boots)
Stlth  ..........               (no amulet)
                                (no ring)
                                (no ring)

@: lethally poisoned (-1 -> -61), gold aura
A: retaliatory headbutt, horns 2
a: Potion Petition, Call Merchant, Bribe Branch, Renounce Religion


You were in the Dungeon.
You worshipped Gozag.
Gozag was pleased with you.
You were not hungry.

You visited 1 branch You collected 882 gold pieces.

Inventory:

Hand Weapons
 a - a +0 war axe
 b - a +1 hand axe of chopping (weapon)
Armour
 c - a +0 shield (worn)
 d - a +3 ring mail (worn)
Scrolls
 k - a scroll of blinking
 m - 3 scrolls of remove curse
 n - 5 scrolls of amnesia
 o - a scroll of summoning
Potions
 e - 6 potions of curing
 g - 6 potions of heal wounds
 h - a potion of haste
 i - 4 potions of magic
 j - 3 potions of berserk rage
 l - 2 potions of invisibility
Comestibles
 f - 8 bread rations
 p - 40 fruits
 q - 7 meat rations


   Skills:
 + Level 9.6 Fighting
 * Level 12.5 Axes
 + Level 9.6 Armour
 + Level 9.7 Shields


You had 6 spell levels left.
You didn't know any spells.

Dungeon Overview and Level Annotations

Branches:
Dungeon (1/1)

Altars:
Ashenzari
Cheibriados
Dithmenos
Elyvilon
Fedhas
Gozag
Hepliaklqana
Kikubaaqudgha
Makhleb
Nemelex Xobeh
Okawaru
Qazlal
Ru
Sif Muna
Trog
Uskayaw
Vehumet
Xom
Yredelemnul
Zin
The Shining One
Beogh
Jiyva
Lugonu


Innate Abilities, Weirdness & Mutations

You reflexively headbutt those who attack you in melee.
You have a pair of horns on your head.


Message History

* * * LOW HITPOINT WARNING * * *
You feel very sick. You block the adder's attack.
You hit the adder.
You kill the adder!
* * * LOW HITPOINT WARNING * * *
You feel very sick.
You barely miss the hippogriff.
The hippogriff is almost dead.
* * * LOW HITPOINT WARNING * * *
You feel very sick. You block the hippogriff's attack. x2
The hippogriff claws you but does no damage.
You hit the hippogriff.
You kill the hippogriff!
Your Axes skill increases to level 12!
* * * LOW HITPOINT WARNING * * *
You feel very sick.
You die...
Your body crumbles into a pile of gold.

#.#.....#'###...<...#
#.#........##.......#
#.#........##.......#
#'###########.......#
#.......# #########
#..#.#..# #####
#.##.##.# ....#
#.......#+#....#
#.##.##.#.@....+
#..#.#..#)#....#
#.......'.#....#
################


There were no monsters in sight!

Vanquished Creatures
  A hippogriff (D)
  A flying skull (D)
  A redback (D)
  A floating eye (D)
  A hound (D)
  An iron imp (D)
  Ijyb (D)
  2 worker ants (D)
  A gnoll (D)
  2 adders (D)
  2 ufetubi (D)
  An ooze (D)
  A leopard gecko (D)
  2 giant cockroaches (D)
  A hobgoblin (D)
  A giant cockroach zombie (D)
20 creatures vanquished.

Notes
Turn   | Place    | Note
-------+----------+-------------------------------------------
     0 | D        | LORDOFBUTT the Minotaur Fighter began the quest for the Orb.
     0 | D        | Reached XP level 1. HP: 19/19 MP: 0/0
    15 | D        | Reached skill level 3 in Axes
    15 | D        | Reached XP level 2. HP: 12/27 MP: 1/1
   268 | D        | Found a radiant altar of Vehumet.
   268 | D        | Found a hide-covered altar of Uskayaw.
   268 | D        | Found an ancient bone altar of Kikubaaqudgha.
   268 | D        | Found a viscous altar of Jiyva.
   268 | D        | Found a hazy altar of Hepliaklqana.
   269 | D        | Found a bloodstained altar of Trog.
   269 | D        | Found a deep blue altar of Sif Muna.
   269 | D        | Found a sacrificial altar of Ru.
   269 | D        | Found a stormy altar of Qazlal.
   269 | D        | Found an iron altar of Okawaru.
   269 | D        | Found a sparkling altar of Nemelex Xobeh.
   269 | D        | Found an opulent altar of Gozag.
   269 | D        | Found a blossoming altar of Fedhas.
   269 | D        | Found a white marble altar of Elyvilon.
   269 | D        | Found a shadowy altar of Dithmenos.
   269 | D        | Found a snail-covered altar of Cheibriados.
   270 | D        | Found a glowing golden altar of the Shining One.
   270 | D        | Found a glowing silver altar of Zin.
   271 | D        | Found a burning altar of Makhleb.
   271 | D        | Found a basalt altar of Yredelemnul.
   271 | D        | Found a roughly hewn altar of Beogh.
   272 | D        | Found a corrupted altar of Lugonu.
   272 | D        | Found a shimmering altar of Xom.
   272 | D        | Found a shattered altar of Ashenzari.
   275 | D        | Became a worshipper of Gozag Ym Sagoz the Greedy
   328 | D        | Reached skill level 5 in Fighting
   328 | D        | Reached skill level 5 in Axes
   328 | D        | Reached skill level 5 in Shields
   328 | D        | Reached XP level 3. HP: 28/36 MP: 2/2
   342 | D        | Reached skill level 5 in Armour
   349 | D        | Noticed a flying skull
   353 | D        | Reached skill level 6 in Axes
   353 | D        | Reached XP level 4. HP: 23/42 MP: 3/3
   361 | D        | HP: 1/42 [flying skull (8)]
   363 | D        | Killed a flying skull
   363 | D        | Reached skill level 9 in Axes
   363 | D        | Reached XP level 5. HP: 2/52 MP: 4/4
   750 | D        | Noticed Ijyb
   751 | D        | Noticed a floating eye
   754 | D        | Paralysed by a floating eye for 3 turns
   760 | D        | Paralysed by a floating eye for 2 turns
   767 | D        | Paralysed by a floating eye for 3 turns
   771 | D        | Killed Ijyb
   771 | D        | Reached XP level 6. HP: 34/60 MP: 5/5
   775 | D        | Killed a floating eye
   775 | D        | Reached skill level 10 in Axes
   778 | D        | Reached skill level 11 in Axes
   957 | D        | Noticed a redback
   958 | D        | Noticed a hippogriff
   966 | D        | Killed a redback
   966 | D        | Reached XP level 7. HP: 24/70 MP: 6/6
   970 | D        | Killed a hippogriff
   970 | D        | Reached skill level 12 in Axes
   970 | D        | HP: 3/71 [poisoned by a redback]
   971 | D        | Succumbed to a redback's poison

Vault maps used:
D:        pitsprint

Skill      XL: |  1  2  3  4  5  6  7 |
---------------+----------------------+-----
Fighting       | 4 5 7 9 |  9.6
Axes           | 3 5 6 9 11 12 | 12.5
Armour         | 4 5 7 9 |  9.6
Shields        | 4 5 7 9 |  9.7

Action                   |  1- 3 |  4- 6 |  7- 9 || total
-------------------------+-------+-------+-------++-------
Melee: War axe           |    24 |     9 |       ||    33
       Headbutt          |     2 |     8 |       ||    10
       Hand axe          |       |    26 |     4 ||    30
  Use: Potion            |       |     1 |       ||     1
Armor: Scale mail        |     4 |     3 |       ||     7
       Ring mail         |       |    23 |     1 ||    24
Dodge: Dodged            |     6 |    15 |       ||    21
Block: Shield            |    18 |    19 |     3 ||    40
